 Dungeon Crawl Stone Soup version 0.17.2-1-ge4368a0 (webtiles) character file.

499 hexophile the Sneak (level 7, -5/50 HPs)
             Began as a Human Assassin on May 24, 2019.
             Slain by an orc priest
             ... wielding a +2 trident of flaming
              (9 damage)
             ... on level 4 of the Dungeon.
             The game lasted 00:09:31 (6513 turns).

hexophile the Sneak (Human Assassin)                Turns: 6513, Time: 00:09:31

Health: -5/50      AC:  4    Str: 11    XL:     7   Next: 39%
Magic:  7/7        EV: 12    Int: 11    God:
Gold:   260        SH:  0    Dex: 17    Spells: 0 memorised, 6 levels left

rFire  . . .     SeeInvis .     a - +2 dagger
rCold  + . .     Clarity  .     c - +0 robe
rNeg   . . .     SustAt   +     (no shield)
rPois  .         Gourm    .     (no helmet)
rElec  .         Spirit   .     d - +0 cloak
rCorr  .         Warding  .     v - +0 pair of gloves
rMut   .         Stasis   .     (no boots)
MR     .....                    h - amulet of regeneration {+Regen}
Stlth  ++++......               j - ring of protection from cold {rC+}
                                i - ring of sustain attributes

@: drained, not resistant to hostile enchantments, stealthy
A: no striking features
a: no special abilities


You were on level 4 of the Dungeon.
You were not hungry.

You visited 1 branch of the dungeon, and saw 5 of its levels.

You collected 260 gold pieces.

Inventory:

Hand Weapons
 a - a +2 dagger (weapon)
 b - a +0 blowgun
 p - a +2 vampiric dagger
Missiles
 e - 8 poisoned needles
 f - 2 curare-tipped needles
Armour
 c - a +0 robe (worn)
 d - a +0 cloak (worn)
 v - a +0 pair of gloves (worn)
Jewellery
 h - an amulet of regeneration (around neck) {+Regen}
 i - a ring of sustain attributes (left hand)
 j - a ring of protection from cold (right hand) {rC+}
Scrolls
 k - a scroll of enchant weapon {unknown}
 l - 3 scrolls of immolation {unknown}
 o - a scroll of teleportation {unknown}
 t - 2 scrolls of remove curse {unknown}
 w - a scroll of recharging {unknown}
 x - 7 scrolls of identify {unknown}
 y - a scroll of amnesia {unknown}
 B - a scroll of enchant armour {unknown}
Potions
 s - a potion of resistance {unknown}
 u - a potion of curing {unknown}
 z - a potion of invisibility {unknown}
Books
 m - a book of Power

   Spells                             Type                      Level
   a - Fulminant Prism                Conjuration/Hexes            4
   b - Iskenderun's Mystic Blast      Conjuration                  4
   c - Venom Bolt                     Conjuration/Poison           5
   d - Bolt of Magma                  Conjuration/Fire/Earth       5
   e - Iron Shot                      Conjuration/Earth            6
   f - Orb of Destruction             Conjuration                  7
   g - Spellforged Servitor           Conjuration/Summoning        7
Comestibles
 g - 4 meat rations
 n - 5 fruits
 q - a beef jerky
 r - a bread ration


You had 6 spell levels left.
You didn't know any spells.


   Skills:
 - Level 2.0(1.8) Fighting
 + Level 4.3(4.1) Short Blades
 - Level 2.0(1.8) Throwing
 - Level 1.0(0.8) Dodging
 * Level 7.8(7.6) Stealth

Dungeon Overview and Level Annotations

Branches:
Dungeon (5/15)
 Temple: D:4-7

Altars:
Fedhas
Kikubaaqudgha
Makhleb

Annotations:
D:3 Eustachio
D:4 Dowan, Duvessa

Vault maps used:
D:1:      evilmike_arrival_rings
D:2:      kiku_gazebo_pond_becter
D:3:      kennysheep_generic_room_2, uniq_terence
D:4:      kennysheep_little_box, kennysheep_potato, uniq_duvessa, uniq_eustachio
D:5:      yredelemnul_altar_generic, nicolae_overflow_hidden_temple,
          first_bread, fedhas_altar_1
You       could see an orc priest and an orc wizard.


Message History

You barely miss the orc priest.
The orc priest is moderately wounded.
The orc wizard gestures wildly while chanting.
The orc wizard blinks!
The orc priest barely misses you.
Unknown command.
You hit the orc priest.
The orc priest is heavily wounded.
The orc wizard gestures at you while chanting.
You resist with some effort.
You barely miss the orc priest.
The orc priest is heavily wounded.
The orc priest mumbles some strange prayers to Beogh against you.
You struggle to resist.
Unknown command.
You closely miss the orc priest.
The orc priest is heavily wounded.
The orc priest barely misses you.
You closely miss the orc priest.
The orc priest is heavily wounded.
You hit the orc priest.
The orc priest is heavily wounded.
The orc priest hits you but does no damage.
The orc wizard hits you with a dagger.
* * * LOW HITPOINT WARNING * * *
You lost 1 HP.
You have now: 12/50 HP.
You closely miss the orc priest.
The orc priest is heavily wounded.
The orc priest misses you. The orc wizard misses you.
You barely miss the orc priest.
The orc priest is heavily wounded.
The orc priest invokes the aid of Beogh against you.
Something smites you!
* * * LOW HITPOINT WARNING * * *
You lost 7 HP.
You have now: 6/50 HP.
You barely miss the orc priest.
The orc priest is heavily wounded.
The orc wizard casts a spell at you. You resist with some effort.
You hit the orc priest.
The orc priest is heavily wounded.
The orc priest hits you with a trident of flaming.
* * * LOW HITPOINT WARNING * * *
The orc priest burns you.
* * * LOW HITPOINT WARNING * * *
The orc wizard closely misses you.
You lost 4 HP.
You have now: 3/50 HP.
You hit the orc priest.
The orc priest is severely wounded.
The orc priest hits you with a trident of flaming!
You die...

Action                   |  1- 3 |  4- 6 |  7- 9 || total
-------------------------+-------+-------+-------++-------
Melee: Dagger            |   116 |   299 |   244 ||   659
  Use: Potion            |     1 |     1 |       ||     2
       Scroll            |     1 |       |       ||     1
 Stab: Sleeping          |     5 |    12 |     1 ||    18
  Eat: Chunk             |     1 |    12 |       ||    13
       Royal jelly       |       |     1 |       ||     1
       Bread ration      |       |       |     1 ||     1

Notes
Turn   | Place    | Note
--------------------------------------------------------------
     0 | D:1      | hexophile the Human Assassin began the quest for the Orb.
     0 | D:1      | Reached XP level 1. HP: 16/16 MP: 1/1
   258 | D:1      | Reached XP level 2. HP: 17/22 MP: 2/2
   759 | D:1      | Reached XP level 3. HP: 22/27 MP: 3/3
   927 | D:1      | Reached skill level 5 in Stealth
  1247 | D:2      | Found an ancient bone altar of Kikubaaqudgha.
  1293 | D:2      | Reached XP level 4. HP: 17/33 MP: 4/4
  2296 | D:2      | You fall through a shaft!
  2302 | D:3      | Reached skill level 3 in Short Blades
  2320 | D:3      | Noticed Terence
  2343 | D:3      | Reached XP level 5. HP: 25/38 MP: 5/5
  2922 | D:3      | Reached skill level 6 in Stealth
  3130 | D:3      | Killed Terence
  3368 | D:3      | Noticed a giant frog
  3374 | D:3      | Killed a giant frog
  3374 | D:3      | Reached XP level 6. HP: 44/44 MP: 6/6
  4161 | D:2      | Reached skill level 7 in Stealth
  4655 | D:4      | Noticed Eustachio
  5090 | D:4      | Noticed Duvessa
  5091 | D:4      | Noticed Dowan
  5752 | D:4      | Reached skill level 4 in Short Blades
  5752 | D:4      | Reached XP level 7. HP: 36/50 MP: 7/7
  5773 | D:5      | Entered Level 5 of the Dungeon
  6107 | D:5      | Found a burning altar of Makhleb.
  6110 | D:5      | Found a blossoming altar of Fedhas.
  6513 | D:4      | Slain by an orc priest

Table legend:
 A = Turns spent in this place as a percentage of turns spent in the entire game.
 B = Non-inter-level travel turns spent in this place as a percentage of non-inter-level travel turns spent in the entire game.
 C = Inter-level travel turns spent in this place as a percentage of turns spent in this place.
 D = Turns resting spent in this place as a percentage of non-inter-level travel turns spent in this place.
 E = Turns spent auto-exploring this place as a percentage of non-inter-level travel turns spent in this place.
 F = Non-inter-level travel turns spent in this place divided by the number of levels of this place that you've seen.
                   A       B       C       D       E      F
               +-------+-------+-------+-------+-------+----------------------
         Total | 100.0 | 100.0 |   0.5 |   2.9 |   4.5 | 443.6
       Dungeon | 100.0 | 100.0 |   0.5 |   2.9 |   4.5 | 443.6
               +-------+-------+-------+-------+-------+----------------------

Table legend:
 A = Kills in this place as a percentage of kills in entire the game.
 B = Kills by you in this place as a percentage of kills by you in the entire game.
 C = Kills by friends in this place as a percentage of kills by friends in the entire game.
 D = Other kills in this place as a percentage of other kills in the entire game.
 E = Experience gained in this place as a percentage of experience gained in the entire game.
 F = Experience gained in this place divided by the number of levels of this place that you have seen.
                   A       B       C       D       E      F
               +-------+-------+-------+-------+-------+----------------------
         Total | 100.0 | 100.0 |  -nan |  -nan | 100.0 | 142.8
       Dungeon | 100.0 | 100.0 |  -nan |  -nan | 100.0 | 142.8
               +-------+-------+-------+-------+-------+----------------------

Vanquished Creatures
  A phantom (D:4)
  A giant frog (D:3)
  2 crimson imps
  An orc wizard (D:3)
  Terence (D:3)
  A worker ant zombie (D:3)
  13 adders
  3 worms
  5 giant geckos
  7 orcs
  4 giant cockroaches
  7 goblins
  7 hobgoblins
  7 jackals
  4 quokkas
  3 ball pythons
  6 bats
  5 giant newts
  11 kobolds
  9 rats
98 creatures vanquished.
